AoeStats
← serkoprime

Arabian Desert

509219927Analyzed
1v1 RM · 8d ago on Sep 25, 2026· 23m 53s· 2 players
Game mode
Random Map
Map size
Tiny (2 player)
Population
200
Speed
Normal
Resources
Standard
Victory
Conquest
Starting age
Dark Age
Ending age
Imperial Age
RankedLock teamsTeams togetherTeam positionsShared explorationLock speedFull tech treeHidden civsTurbo modeCheats
Victory
Defeat
🇺🇸 Muisca · United States
2072
+7
🇩🇪 Britons · Germany
1858
-7
JOJO ROAD ROLLER
7:02 Loom
9:17 Feudal Age
9:20 Champi Runner
9:49 Double-Bit Axe
13:12 Fletching
21:21 Castle Age
19:05 Horse Collar
19:36 Gold Mining
20:24 Padded Archer Armor
22:26 Wheelbarrow
22:07 Bodkin Arrow
21:35 Elite Skirmisher
23:12 Ballistics
23:26 Bow Saw
24:47 Leather Archer Armor
serkoprime
6:43 Loom
8:49 Feudal Age
9:15 Man-at-Arms
11:41 Double-Bit Axe
16:11 Fletching
21:24 Castle Age
20:06 Gold Mining
20:25 Padded Archer Armor
22:06 Bodkin Arrow
21:46 Crossbowman
23:15 Bow Saw
Connection lost

Rejoining the realm…

Still unreachable

The connection could not be restored.

Session expired

The server has moved on; the page needs a fresh start.